 Dungeon Crawl Stone Soup version 0.17.1-3-g152610e (console) character file.

158552 brucemayne the Severer (level 16, 0/127 HPs)
             Began as a Demonspawn Berserker on Mar 3, 2016.
             Was a High Priest of Trog.
             Killed from afar by an acid blob (16 damage)
             ... with a splash of acid
             ... on level 6 of the Pits of Slime.
             The game lasted 01:26:32 (11976 turns).

brucemayne the Severer (Demonspawn Berserker)      Turns: 11976, Time: 01:26:32

Health: 0/127      AC: 26    Str: 22    XL:     16   Next: 53%
Magic:  20/20      EV: 18    Int:  9    God:    Trog [*****.]
Gold:   687        SH:  0    Dex: 27    Spells: 0 memorised, 15 levels left

rFire  . . .     SeeInvis +     P - +6 battleaxe (vamp)
rCold  + . .     Clarity  .     F - +4 plate armour {rPois}
rNeg   + + .     SustAt   .     (shield currently unavailable)
rPois  +         Gourm    .     G - +2 helmet {SInv}
rElec  .         Spirit   .     X - +0 cloak of Beogh {Dex+4}
rCorr  .         Warding  .     T - +1 pair of gloves {Str+3}
rMut   .         Stasis   .     (boots unavailable)
MR     ++++.                    S - amulet of Tienihu {rN+ Regen+ SInv Stlth+}
Stlth  ..........               V - ring of positive energy
                                z - ring of protection from magic

@: agile, corroded equipment, regenerating, incredibly resistant to hostile
enchantments, extremely unstealthy
A: hooves 3, iridescent scales 2, cold resistance 1, icemail, powered by pain 1,
freezing cloud immunity
a: Berserk, Trog's Hand, Brothers in Arms, Burn Spellbooks, Renounce Religion
}: 2/15 runes: serpentine, barnacled


You were on level 6 of the Pits of Slime.
You worshipped Trog.
Trog was extremely pleased with you.
You were not hungry.

You visited 7 branches of the dungeon, and saw 40 of its levels.
You also visited: Ice Cave and Volcano.

You collected 2288 gold pieces.
You spent 1601 gold pieces at shops.

Inventory:

Hand Weapons
 b - a +2 antimagic executioner's axe
 P - a +6 vampiric battleaxe (weapon)
Armour
 F - a +4 plate armour of poison resistance (worn)
 G - a +2 helmet of see invisible (worn)
 T - a +1 pair of gloves of strength (worn)
 X - the +0 cloak of Beogh (worn) {Dex+4}
   (You acquired it on level 7 of the Lair of Beasts)

   It affects your dexterity (+4).
Jewellery
 j - an uncursed ring of invisibility
 n - the ring "Hero's Friend" {*Confuse +Blink MR+ Int+4}
   (You found it in an ice cave)

   [ring of protection from magic]

   It affects your intelligence (+4).
   It affects your resistance to hostile enchantments.
   It lets you blink.
   It may confuse you when you take damage.
 q - an uncursed ring of protection from fire
 z - a ring of protection from magic (left hand)
 S - the amulet of Tienihu (around neck) {rN+ Regen+ SInv Stlth+}
   (You bought it in a shop on level 4 of the Orcish Mines)

   [amulet of regeneration]

   It protects you from negative energy.
   It lets you see invisible.
   It increases your rate of regeneration.
   It makes you more stealthy.
 V - a ring of positive energy (right hand)
Wands
 s - a wand of disintegration (4)
 w - a wand of disintegration (13)
 I - a wand of digging (4)
 K - a wand of teleportation (8)
 M - a wand of cold (7)
 Y - a wand of disintegration (16)
Scrolls
 a - a scroll of magic mapping
 f - 6 scrolls of remove curse
 h - 5 scrolls of teleportation
 r - a scroll of fog
 t - 6 scrolls of fear
 D - a scroll of recharging
 J - 3 scrolls of identify
Potions
 d - a potion of agility
 e - a potion of lignification
 k - a potion of curing
 l - 2 potions of cancellation
 u - 2 potions of haste
 C - 3 potions of heal wounds
 H - a potion of invisibility
 L - a potion of resistance
 N - 2 potions of berserk rage
Books
 x - a Fen Folio

   Spells                             Type                      Level
   a - Corpse Rot                     Necromancy                   2
   b - Stone Arrow                    Conjuration/Earth            3
   c - Leda's Liquefaction            Hexes/Earth                  4
   d - Summon Forest                  Summoning/Translocation      5
   e - Hydra Form                     Transmutation                6
   f - Summon Hydra                   Summoning                    7
   Trog disapproves of the use of such an item.
 W - a book of the Dragon

   Spells                             Type                      Level
   a - Flame Tongue                   Conjuration/Fire             1
   b - Cause Fear                     Hexes                        4
   c - Bolt of Fire                   Conjuration/Fire             6
   d - Dragon Form                    Transmutation                7
   e - Dragon's Call                  Summoning                    9
   Trog disapproves of the use of such an item.
Comestibles
 c - 9 bread rations
 R - 2 meat rations


   Skills:
 + Level 11.7 Fighting
 - Level 20.2 Axes
 - Level 11.1 Armour
 - Level 7.6 Dodging
 - Level 6.0 Evocations


You had 15 spell levels left.
You didn't know any spells.

Dungeon Overview and Level Annotations

Branches:
Dungeon (13/15)            Temple (1/1) D:4            Lair (8/8) D:10
 Shoals (4/4) Lair:3        Snake (4/4) Lair:3        Slime (6/6) Lair:7
    Orc (4/4) D:12            Elf (0/3) Orc:3        Vaults (0/5) D:13

Altars:
Ashenzari
Cheibriados
Dithmenos
Elyvilon
Fedhas
Gozag
Kikubaaqudgha
Nemelex Xobeh
Okawaru
Qazlal
Ru
Sif Muna
Trog
Zin
Beogh

Shops:
D:12 ?}*?   Orc:4 %==[

Annotations:
Snake:3 Nikola, Vashnia
Snake:4 exclusion: 2 upstairs


Innate Abilities, Weirdness & Mutations

You have hooves in place of feet.
You are mostly covered in iridescent scales (AC +6).
Your flesh is cold resistant.
A meltable icy envelope protects you from harm (AC +10).
You sometimes gain a little power by taking damage.
You are immune to freezing clouds.


Message History

The golden eye blinks at you. You resist with almost no effort.
The golden eye blinks!
The golden eye blinks at you. You resist with almost no effort.
The golden eye blinks at you. You resist with almost no effort.
The acid blob spits acid at you. The splash of acid hits you!
The acid burns!
* * * LOW HITPOINT WARNING * * *
The acid blob spits acid at you. The splash of acid hits you!
* * * LOW HITPOINT WARNING * * *
The acid corrodes you!
The acid burns!
* * * LOW HITPOINT WARNING * * *
The golden eye blinks at you. You resist with almost no effort.
The acid blob spits acid at you. The splash of acid hits you!
You die...

G. ##.............
###.####...............
...#...#.#................
..........................
..........J...............
.........J................
..........................
.......................#
.........JG.....@.<....#
.....................###
.....................#
..................#
...............###
.............##
...........## ###....#.##


You could see 2 acid blobs, a slime creature and a golden eye.

Vanquished Creatures
  2 acid blobs
  7 greater nagas
  2 merfolk javelineers (Shoals:4)
  3 merfolk impalers (Shoals:4)
  Josephine (D:13)
  Harold (Lair:4)
  4 hydras
  2 ice dragons (IceCv)
  12 naga warriors (Snake:4)
  3 ogre magi
  2 merfolk aquamancers (Shoals:4)
  2 satyrs
  A merfolk avatar (Shoals:3)
  2 anacondas
  An alligator snapping turtle (Shoals:4)
  12 naga sharpshooters
  A giant orange brain (Slime:3)
  3 salamander mystics (Snake:4)
  2 deep trolls (Orc:4)
  3 naga ritualists (Snake:4)
  An unseen horror (D:11)
  4 sea snakes
  8 hill giants
  An orc knight (Orc:4)
  6 harpies (Shoals:4)
  A mana viper (Snake:3)
  An orc sorcerer (Orc:4)
  6 manticores
  2 griffons
  A mana viper (shapeshifter) (D:13)
  2 shining eyes
  5 ugly things
  A faun (Shoals:3)
  2 cyclopes (Orc:4)
  7 salamanders
  4 sirens (Shoals:4)
  13 black mambas
  Joseph (D:8)
  An elephant (Lair:4)
  A guardian serpent (Snake:4)
  21 naga magi (Snake:4)
  3 spiny frogs
  An ice statue (IceCv)
  2 molten gargoyles (Volcano)
  A guardian serpent (shapeshifter) (D:13)
  A torpor snail (Lair:5)
  A gargoyle (D:12)
  2 fire drakes
  A fire drake (shapeshifter) (D:13)
  The ghost of Britaniac the Cudgeler, a novice GrFi of Okawaru (D:5)
  3 komodo dragons
  8 trolls
  9 two-headed ogres
  13 merfolk
  A wind drake (Shoals:3)
  17 slime creatures
  2 polar bears
  5 snapping turtles
  10 blink frogs
  A deep elf mage (D:12)
  A trapdoor spider (D:13)
  2 shadows
  3 spriggans
  A wyvern (Lair:5)
  5 wraiths (D:13)
  2 water elementals (Shoals:4)
  A vampire mosquito (D:12)
  29 yaks
  A hog (Lair:7)
  2 hungry ghosts
  6 golden eyes (Slime:5)
  2 basilisks
  21 wolves
  3 hippogriffs
  Menkaure (D:7)
  4 wargs
  6 porcupines
  5 water moccasins
  42 nagas
  A black bear (Lair:4)
  2 eyes of draining (Slime:4)
  10 orc warriors
  15 ice beasts (IceCv)
  18 ogres
  3 sky beasts
  A necrophage (D:9)
  8 centaurs
  2 phantoms
  10 crocodiles
  11 giant frogs
  A wyvern zombie (D:7)
  7 scorpions
  3 wights (D:10)
  6 killer bees (D:8)
  An electric eel (Lair:6)
  A crimson imp (D:11)
  5 centaur zombies
  A lava snake (Volcano)
  4 hounds
  A quasit (D:10)
  16 orc priests
  4 worker ants (D:4)
  4 iguanas
  2 centaur skeletons (D:11)
  15 jellies
  A giant frog zombie (D:9)
  3 giant frog skeletons
  22 orc wizards
  12 sheep (Lair:6)
  A hound skeleton (D:8)
  6 adders
  20 river rats
  2 shadow imps
  12 white imps (D:11)
  An adder zombie (D:7)
  An ooze (D:3)
  A worm (D:3)
  4 giant geckos
  105 orcs
  2 ball pythons
  5 bats
  3 giant cockroaches
  2 goblins
  5 hobgoblins
  4 quokkas
  8 jackals
  A kobold (D:2)
  2 rats
  2 fungi (Lair:7)
  2 plants (Shoals:4)
753 creatures vanquished.

Vanquished Creatures (collateral kills)
  Aizul (Snake:2)
  A naga mage (Snake:2)
  A black mamba (Snake:2)
  A troll (Orc:4)
  A naga (Snake:2)
  2 ogres (Orc:4)
7 creatures vanquished.

Vanquished Creatures (others)
  A naga warrior (Snake:4)
  A naga sharpshooter (Snake:4)
  A naga mage (Snake:4)
  A blink frog (Lair:7)
  A plant (Shoals:3)
5 creatures vanquished.

Grand Total: 765 creatures vanquished

Notes
Turn   | Place    | Note
--------------------------------------------------------------
     0 | D:1      | brucemayne the Demonspawn Berserker began the quest for the Orb.
     0 | D:1      | Reached XP level 1. HP: 18/18 MP: 1/1
   119 | D:2      | Found a blossoming altar of Fedhas.
   163 | D:3      | Gained mutation: Your flesh is cold resistant. [demonic ancestry]
   163 | D:3      | Reached XP level 2. HP: 24/24 MP: 2/2
   192 | D:3      | Noticed an orc wizard
   216 | D:2      | Gained mutation: You are partially covered in iridescent scales (AC +4). [demonic ancestry]
   216 | D:2      | Reached XP level 3. HP: 20/29 MP: 3/3
   325 | D:1      | Reached skill level 4 in Axes
   368 | D:3      | Killed an orc wizard
   368 | D:3      | Gained mutation: You are immune to freezing clouds. [demonic ancestry]
   368 | D:3      | Reached XP level 4. HP: 27/35 MP: 4/4
   384 | D:3      | Reached ** piety under Trog
   483 | D:3      | Found a deep blue altar of Sif Muna.
   516 | D:4      | Reached skill level 5 in Axes
   534 | D:4      | Noticed a phantom
   576 | D:4      | Killed a phantom
   576 | D:4      | Reached XP level 5. HP: 29/41 MP: 5/5
   610 | D:4      | Reached skill level 6 in Axes
   645 | D:4      | Gained mutation: You are mostly covered in iridescent scales (AC +6). [demonic ancestry]
   645 | D:4      | Reached XP level 6. HP: 22/47 MP: 6/6
   769 | D:5      | Entered Level 5 of the Dungeon
   904 | D:5      | Reached skill level 7 in Axes
   913 | D:5      | Noticed Britaniac's ghost (novice GrFi)
   927 | D:5      | Killed Britaniac's ghost
   927 | D:5      | Reached skill level 8 in Axes
   927 | D:5      | Gained mutation: A meltable icy envelope protects you from harm (AC +10). [demonic ancestry]
   927 | D:5      | Reached XP level 7. HP: 52/52 MP: 7/7
   969 | D:4      | Found a staircase to the Ecumenical Temple.
   969 | D:4      | Noticed an ogre
   970 | D:4      | Noticed an ogre
   999 | D:4      | Killed an ogre
  1001 | Temple   | Entered the Ecumenical Temple
  1092 | D:4      | Reached skill level 9 in Axes
  1092 | D:4      | Reached XP level 8. HP: 32/58 MP: 8/8
  1094 | D:4      | Killed an ogre
  1204 | D:4      | Found an ancient bone altar of Kikubaaqudgha.
  1448 | D:6      | Reached skill level 10 in Axes
  1600 | D:7      | Noticed Menkaure
  1609 | D:7      | Killed Menkaure
  1834 | D:7      | Found a glowing silver altar of Zin.
  1834 | D:7      | Found a snail-covered altar of Cheibriados.
  1948 | D:9      | Found a white marble altar of Elyvilon.
  1993 | D:9      | Reached skill level 11 in Axes
  2007 | D:10     | Entered Level 10 of the Dungeon
  2052 | D:10     | Gained mutation: You have large cloven feet. [demonic ancestry]
  2052 | D:10     | Reached XP level 9. HP: 56/63 MP: 9/9
  2071 | D:10     | Noticed a hill giant
  2080 | D:10     | Killed a hill giant
  2113 | D:10     | Noticed a troll
  2148 | D:10     | Killed a troll
  2148 | D:10     | Reached skill level 5 in Fighting
  2219 | D:11     | Noticed a hill giant
  2219 | D:11     | Found a frozen archway.
  2236 | D:11     | Killed a hill giant
  2275 | D:11     | Reached *** piety under Trog
  2279 | D:11     | Reached skill level 12 in Axes
  2315 | D:11     | Noticed a centaur skeleton
  2322 | D:11     | Killed a centaur skeleton
  2348 | IceCv    | Entered an ice cave
  2354 | IceCv    | Reached XP level 10. HP: 57/77 MP: 10/10
  2411 | IceCv    | Noticed an ice statue
  2411 | IceCv    | Noticed an ice statue
  2427 | IceCv    | Killed an ice statue
  2507 | IceCv    | Noticed an ice dragon
  2507 | IceCv    | Noticed an ice dragon
  2526 | IceCv    | Killed an ice dragon
  2537 | IceCv    | Killed an ice dragon
  2537 | IceCv    | Reached skill level 13 in Axes
  2606 | IceCv    | Got a heavily runed lapis lazuli ring
  2681 | D:11     | Identified the ring "Hero's Friend" {*Confuse +Blink MR+ Int+4} (You found it in an ice cave)
  2715 | D:11     | Noticed a cyan ugly thing
  2730 | D:11     | Killed a cyan ugly thing
  2732 | D:11     | Killed an unseen horror
  2732 | D:11     | Gained mutation: You have hoof-like feet. [demonic ancestry]
  2732 | D:11     | Reached XP level 11. HP: 38/89 MP: 11/11
  3010 | D:11     | Found a sacrificial altar of Ru.
  3068 | D:12     | Noticed a cyan ugly thing
  3075 | D:12     | Noticed a red ugly thing
  3083 | D:12     | Noticed a gargoyle
  3083 | D:12     | Killed a cyan ugly thing
  3095 | D:12     | Killed a red ugly thing
  3095 | D:12     | Reached skill level 10 in Fighting
  3100 | D:12     | Killed a gargoyle
  3114 | D:12     | Found Yhifraun's Magic Scroll Shop.
  3129 | D:12     | Bought a scroll of identify for 20 gold pieces
  3183 | D:12     | Found Poklop's Magic Scroll Boutique.
  3207 | D:12     | Found an opulent altar of Gozag.
  3228 | D:12     | Noticed a brown ugly thing
  3239 | D:12     | Killed a brown ugly thing
  3311 | D:12     | Found Mad Gasa's General Store.
  3332 | D:12     | Noticed a centaur zombie
  3346 | D:12     | Killed a centaur zombie
  3355 | D:12     | Found Qenar's General Store.
  3397 | D:11     | Reached skill level 14 in Axes
  3448 | D:12     | Found Toni's Gadget Shoppe.
  3452 | D:12     | Noticed a centaur zombie
  3485 | D:12     | Noticed a centaur zombie
  3497 | D:12     | Killed a centaur zombie
  3536 | D:12     | Killed a centaur zombie
  3550 | D:12     | Bought a wand of teleportation (3) for 273 gold pieces
  3614 | D:12     | Noticed a hill giant
  3614 | D:12     | Found a staircase to the Orcish Mines.
  3627 | D:12     | Killed a hill giant
  3632 | Orc:1    | Entered Level 1 of the Orcish Mines
  3667 | Orc:1    | Reached **** piety under Trog
  3957 | Orc:2    | Reached skill level 5 in Armour
  4032 | Orc:1    | Reached ***** piety under Trog
  4197 | Orc:3    | Found a staircase to the Elven Halls.
  4224 | Orc:3    | Reached XP level 12. HP: 86/98 MP: 12/12
  4255 | Orc:2    | Found a roughly hewn altar of Beogh.
  4446 | Orc:2    | Found a dark tunnel.
  4458 | Volcano  | Entered a volcano
  4587 | Volcano  | Found a radiant altar of Vehumet.
  4587 | Volcano  | Noticed an ogre mage
  4592 | Volcano  | Killed an ogre mage
  4614 | Volcano  | HP: 1/98 [hill giant/great mace of flaming (5)]
  4661 | Volcano  | HP: 4/147 [hill giant/great mace of flaming (4)]
  4856 | Orc:4    | Entered Level 4 of the Orcish Mines
  4875 | Orc:4    | Received a gift from Trog
  4880 | Orc:4    | Reached skill level 15 in Axes
  5124 | Orc:4    | Found a roughly hewn altar of Beogh.
  5179 | Orc:4    | Found Hailixi's Jewellery Boutique.
  5189 | Orc:4    | Noticed an ogre mage
  5217 | Orc:4    | Killed an ogre mage
  5218 | Orc:4    | Reached skill level 16 in Axes
  5336 | Orc:4    | Gained mutation: You have hooves in place of feet. [demonic ancestry]
  5336 | Orc:4    | Reached XP level 13. HP: 102/104 MP: 13/13
  5343 | Orc:4    | Noticed an ogre mage
  5352 | Orc:4    | Found Ciwnumas's Food Shop.
  5364 | Orc:4    | Killed an ogre mage
  5380 | Orc:4    | Found Inus's Antique Armour Shoppe.
  5388 | Orc:4    | Found Jimuxoeh's Jewellery Boutique.
  5407 | Orc:4    | Bought a bread ration for 70 gold pieces
  5407 | Orc:4    | Bought a bread ration for 70 gold pieces
  5407 | Orc:4    | Bought a meat ration for 70 gold pieces
  5407 | Orc:4    | Bought a meat ration for 70 gold pieces
  5412 | Orc:4    | Bought the amulet of Tienihu {rN+ Regen+ SInv Stlth+} for 578 gold pieces
  5419 | Orc:4    | Bought an uncursed ring of poison resistance for 240 gold pieces
  5419 | Orc:4    | Bought an uncursed ring of flight for 210 gold pieces
  5606 | D:13     | Found a gate to the Vaults.
  5606 | D:13     | Noticed Josephine
  5628 | D:13     | Killed Josephine
  5636 | D:13     | Reached skill level 17 in Axes
  6180 | D:8      | Noticed Joseph
  6189 | D:8      | Killed Joseph
  7158 | D:10     | Found a staircase to the Lair.
  7161 | Lair:1   | Entered Level 1 of the Lair of Beasts
  7465 | Lair:4   | Noticed Harold
  7485 | Lair:4   | Killed Harold
  7752 | Lair:6   | Received a gift from Trog
  7800 | Lair:6   | Reached skill level 18 in Axes
  7949 | Lair:5   | You fall through a shaft for 2 floors!
  7949 | Lair:7   | Found a staircase to the Slime Pits.
  7984 | Lair:7   | Reached ****** piety under Trog
  8068 | Lair:8   | Entered Level 8 of the Lair of Beasts
  8357 | Lair:4   | Reached XP level 14. HP: 111/111 MP: 14/14
  8551 | Lair:5   | Received a gift from Trog
  8931 | Lair:3   | Identified a scroll of acquirement
  9026 | Lair:3   | Found a staircase to the Snake Pit.
  9053 | Snake:1  | Entered Level 1 of the Snake Pit
  9137 | Snake:2  | Noticed a greater naga
  9168 | Snake:2  | Killed a greater naga
  9168 | Snake:2  | Reached skill level 5 in Dodging
  9199 | Snake:2  | Noticed Aizul
  9219 | Snake:2  | Killed Aizul
  9328 | Snake:3  | Noticed Nikola
  9335 | Snake:4  | Entered Level 4 of the Snake Pit
  9390 | Snake:4  | Reached skill level 19 in Axes
  9408 | Snake:4  | Received a gift from Trog
  9662 | Snake:3  | Noticed Vashnia
  9872 | Snake:4  | Gained mutation: You sometimes gain a little power by taking damage. [demonic ancestry]
  9872 | Snake:4  | Reached XP level 15. HP: 95/117 MP: 15/15
  9903 | Snake:4  | Noticed a greater naga
  9907 | Snake:4  | Noticed a greater naga
  9920 | Snake:4  | Noticed a greater naga
  9922 | Snake:4  | Killed a greater naga
  9922 | Snake:4  | Received a gift from Trog
  9930 | Snake:4  | Killed a greater naga
  9931 | Snake:4  | Noticed a greater naga
  9937 | Snake:4  | Noticed a greater naga
  9938 | Snake:4  | Killed a greater naga
  9955 | Snake:4  | Killed a greater naga
  9989 | Snake:4  | Killed a greater naga
 10129 | Snake:4  | Reached skill level 20 in Axes
 10231 | Snake:4  | Got a serpentine rune of Zot
 10239 | Snake:4  | Noticed a greater naga
 10251 | Snake:4  | Killed a greater naga
 10338 | Snake:4  | Received a gift from Trog
 10494 | Lair:3   | Found a staircase to the Shoals.
 10523 | Shoals:1 | Entered Level 1 of the Shoals
 10543 | Shoals:1 | Reached skill level 1 in Evocations
 10727 | Shoals:4 | Entered Level 4 of the Shoals
 10750 | Shoals:3 | Reached skill level 10 in Armour
 10912 | Shoals:4 | Reached XP level 16. HP: 104/123 MP: 18/18
 11167 | Shoals:4 | Reached skill level 5 in Evocations
 11175 | Shoals:4 | Got a barnacled rune of Zot
 11255 | Shoals:3 | Found a runed door.
 11600 | Lair:7   | Got a faintly humming cloak
 11611 | Lair:7   | Identified the +0 cloak of Beogh {Dex+4} (You acquired it on level 7 of the Lair of Beasts)
 11669 | Slime:1  | Entered Level 1 of the Pits of Slime
 11675 | Slime:1  | Received a gift from Trog
 11801 | Slime:4  | Noticed an acid blob
 11828 | Slime:4  | Killed an acid blob
 11884 | Slime:5  | Noticed an acid blob
 11900 | Slime:5  | Killed an acid blob
 11943 | Slime:6  | Entered Level 6 of the Pits of Slime
 11965 | Slime:6  | Noticed an acid blob
 11972 | Slime:6  | Noticed an acid blob
 11976 | Slime:6  | Killed from afar by an acid blob

Action                   |  1- 3 |  4- 6 |  7- 9 | 10-12 | 13-15 | 16-18 || total
-------------------------+-------+-------+-------+-------+-------+-------++-------
Melee: Hand axe          |    50 |   160 |   354 |   118 |       |       ||   682
       War axe           |       |       |       |   352 |       |       ||   352
       Battleaxe         |       |       |       |   138 |  1252 |   265 ||  1655
Invok: Berserk           |     3 |     4 |     6 |    14 |     6 |     1 ||    34
       Trog's Hand       |       |     4 |     7 |    18 |    17 |     6 ||    52
       Brothers in Arms  |       |       |       |     1 |     1 |     2 ||     4
 Abil: Evoke Flight      |       |       |       |       |       |     2 ||     2
Evoke: Wand              |       |       |       |     2 |     2 |     2 ||     6
  Use: Potion            |     1 |       |     1 |     8 |     4 |     1 ||    15
       Scroll            |       |       |     3 |     5 |    23 |     5 ||    36
 Stab: Invisible         |       |       |       |     8 |       |       ||     8
  Eat: Chunk             |       |     7 |    13 |    15 |    19 |     1 ||    55
       Pizza             |       |       |     1 |       |       |       ||     1
       Royal jelly       |       |       |       |     2 |       |     1 ||     3
       Bread ration      |       |       |       |     2 |     1 |     1 ||     4
       Meat ration       |       |       |       |     1 |       |       ||     1
       Fruit             |       |       |       |       |    14 |     4 ||    18
